 Dungeon Crawl Stone Soup version 0.27-a0-1308-gc08437e49b (webtiles) character file.

Game seed: 16454369410895217234

411 hatdisgam the Chiller (level 6, -2/52 HPs)
             Began as a Naga Ice Elementalist on June 18, 2021.
             Slain by Menkaure (9 damage)
             ... on level 4 of the Dungeon.
             The game lasted 00:06:39 (3487 turns).

hatdisgam the Chiller (Naga Ice Elementalist)       Turns: 3487, Time: 00:06:40

Health: -2/52      AC:  3    Str: 10    XL:     6   Next: 90%
Magic:  9/12       EV: 10    Int: 18    God:
Gold:   163        SH:  0    Dex: 11    Spells: 9/13 levels left

rFire    . . .     SeeInvis +   k - +0 dagger (speed)
rCold    . . .     Faith    .   (no shield)
rNeg     . . .     Spirit   .   a - +0 robe
rPois    +         Reflect  .   (no helmet)
rElec    .         Harm     .   (no cloak)
rCorr    .         Rampage  .   (no gloves)
Will     .....                  (no barding)
Stlth    ++........             (no amulet)
HPRegen  0.17/turn              (no ring)
MPRegen  0.13/turn              (no ring)

@: very slow
A: AC +2, large, see invisible, deformed body, poison resistance, slowness 2,
spit poison 1, naga tail 1
a: Spit Poison


You were on level 4 of the Dungeon.
You visited 1 branch of the dungeon, and saw 4 of its levels.

You collected 163 gold pieces.

Inventory:

Hand Weapons
 k - a +0 dagger of speed (weapon)
Armour
 a - a +0 robe (worn)
Jewellery
 o - a ring of protection from cold
 r - a ring of see invisible
Wands
 f - a wand of iceblast (16)
Scrolls
 b - 3 scrolls of enchant weapon {unknown}
 c - a scroll of holy word {unknown}
 d - 3 scrolls of noise {unknown}
 g - a scroll of fog {unknown}
 m - 2 scrolls of magic mapping {unknown}
 n - a scroll of brand weapon {unknown}
 p - a scroll of enchant armour {unknown}
 t - a scroll of identify {unknown}
Potions
 e - a potion of heal wounds {unknown}
 h - a potion of berserk rage {unknown}
 i - a potion of brilliance {unknown}
 j - a potion of flight {unknown}
 l - a potion of degeneration {unknown}
 q - 2 potions of curing {unknown}
 s - a potion of magic {unknown}


   Skills:
 + Level 1.7 Fighting
 + Level 2.2 Dodging
 - Level 3.0 Stealth
 + Level 4.0 Spellcasting
 - Level 6.3 Ice Magic


You had 9 spell levels left.
You knew the following spells:

 Your Spells              Type           Power      Damage    Failure   Level
a - Freeze                Ice            100%       1d11      1%          1
b - Frozen Ramparts       Ice            52%        1d7       3%          3

Your spell library contained the following spells:

 Spells                   Type           Power      Damage    Failure   Level
 Ozocubu's Armour         Ice            26%        N/A       3%          3
 Hailstorm                Conj/Ice       14%        3d5       38%         4
 Metabolic Englaciation   Hex/Ice        7%         N/A       75%         5


Dungeon Overview and Level Annotations

Branches:
Dungeon (4/15)
 Temple: D:4-7

Altars:

Annotations:
D:4 Menkaure


Innate Abilities, Weirdness & Mutations

Your serpentine skin is tough. (AC +2)
You have supernaturally acute eyesight. (SInv)
Armour fits poorly on your strangely shaped body.
Your system is resistant to poisons. (rPois)
You cover ground very slowly.
You can spit poison.
You have a snake-like lower body.


Message History

Unknown command.
You hit Menkaure but do no damage.
Menkaure is severely damaged.
Menkaure hits you!!
* * * LOW HITPOINT WARNING * * *
Unknown command.
You hit Menkaure.
Menkaure is almost destroyed.
Menkaure completely misses you.
Unknown command.
You completely miss Menkaure.
Menkaure is almost destroyed.
Menkaure whispers, "It doesn't hurt if you pull your brain out of your nose yourself."
Menkaure closely misses you.
Unknown command.
You hit Menkaure but do no damage.
Menkaure is almost destroyed.
Menkaure barely misses you.
Unknown command.
You hit Menkaure.
Menkaure is almost destroyed.
Unknown command.
You hit Menkaure.
Menkaure is almost destroyed.
Menkaure closely misses you.
Unknown command.
You hit Menkaure but do no damage.
Menkaure is almost destroyed.
Menkaure calls on the powers of darkness!
Your body is wracked with pain!
* * * LOW HITPOINT WARNING * * *
Unknown command.
You hit Menkaure but do no damage.
Menkaure is almost destroyed.
Menkaure hits you but does no damage.
Unknown command.
You hit Menkaure but do no damage.
Menkaure is almost destroyed.
Menkaure hits you!
You die...

.# .# .# ###########.#####?
#............[....
######'#.........#
#.#.........#
#+#+#.#.........#
+..@'.#.........#
#.M.###.........# +...+
#.........# #+#+#
#.........# #.........#
###[........# #.
#..##.>.........# #..
#...............#
......#..##...............#


You could see Menkaure (fast).

Vanquished Creatures
  Eustachio (D:4)
  A scorpion (D:4)
  An orc priest (D:3)
  An orc wizard (D:3)
  Ijyb (D:4)
  Robin (D:4)
  4 adders
  An ufetubus (D:4)
  3 worms
  3 dart slugs
  5 orcs (D:3)
  3 endoplasms
  2 giant cockroaches (D:3)
  19 goblins
  5 hobgoblins
  2 jackals (D:3)
  2 kobolds
  8 ball pythons
  8 bats
  An orc skeleton (D:4)
  A rat (D:1)
73 creatures vanquished.

Notes
Turn   | Place    | Note
-------+----------+-------------------------------------------
     0 | D:1      | hatdisgam the Naga Ice Elementalist began the quest for the
                  | Orb.
     0 | D:1      | Reached XP level 1. HP: 15/15 MP: 3/3
   145 | D:1      | Reached XP level 2. HP: 19/22 MP: 0/5
   251 | D:1      | Found a faded altar of an unknown god.
  1208 | D:2      | Reached XP level 3. HP: 25/28 MP: 3/6
  1212 | D:2      | Learned a level 3 spell: Frozen Ramparts
  1761 | D:3      | Reached skill level 5 in Ice Magic
  1895 | D:3      | Reached XP level 4. HP: 36/36 MP: 4/8
  2083 | D:3      | Reached XP level 5. HP: 39/42 MP: 3/9
  2826 | D:4      | Noticed Ijyb
  2830 | D:4      | Killed Ijyb
  2900 | D:4      | Reached skill level 6 in Ice Magic
  3002 | D:4      | Reached XP level 6. HP: 49/49 MP: 6/11
  3097 | D:4      | Noticed Robin
  3116 | D:4      | Killed Robin
  3338 | D:4      | Noticed Eustachio
  3347 | D:4      | Killed Eustachio
  3348 | D:4      | Reached skill level 1 in Fighting
  3464 | D:4      | Noticed Menkaure
  3487 | D:4      | Slain by Menkaure

Illustrated notes

Levels and vault maps discovered:
D:1:      dpeg_arrival_fog, layout_basic, shapermc_ecumenical_altar_mp_highgroup
D:2:      layout_rooms
D:3:      layout_basic
D:4:      layout_gridville, grunt_temple_overflow_cloverleaf,
          minmay_temple_entry_poolview, nicolae_ossuary_entry_catacombs,
          uniq_eustachio, uniq_robin, uniq_ijyb, uniq_menkaure

Skill      XL: |  1  2  3  4  5  6 |
---------------+-------------------+-----
Ice Magic      | 5 6 |  6.3
Spellcasting   | 3 4 |  4.0
Fighting       | 1 |  1.7
Dodging        | 2 |  2.2
Stealth        | |  3.0

Action                   |  1- 3 |  4- 6 || total
-------------------------+-------+-------++-------
Melee: Unarmed           |    24 |     2 ||    26
       Dagger            |       |    67 ||    67
 Cast: Freeze            |    31 |    29 ||    60
       Frozen Ramparts   |       |     8 ||     8
 Abil: Spit Poison       |    23 |     9 ||    32
 Stab: Sleeping          |     2 |     4 ||     6
Armor: Robe              |    12 |    22 ||    34
Dodge: Dodged            |    26 |    40 ||    66

Table legend: (Time is in decaauts)
 A = Elapsed time spent in this place.
 B = Non-inter-level travel time spent in this place.
 C = Inter-level travel time spent in this place.
 D = Time resting spent in this place.
 E = Time spent auto-exploring this place.
 F = Levels seen in this place.
 G = Mean time per level.
                   A        B        C        D        E       F      G
               +--------+--------+--------+--------+--------+-----+--------+
         Total |   4306 |   4212 |     94 |     84 |   3573 |   4 | 1076.5 |
       Dungeon |   4306 |   4212 |     94 |     84 |   3573 |   4 | 1076.5 |
               +--------+--------+--------+--------+--------+-----+--------+

Top non-repeatable levels by time:
     D:3: 1519 daAuts
     D:1: 1399 daAuts
     D:4: 786 daAuts
     D:2: 600 daAuts
